 Dungeon Crawl Stone Soup version 0.28-a0-804-g60983d4ba9 (webtiles) character file.

Game seed: 2198825637590689448

498527 iamoutofideas the Sorcerer (level 23, -6/156 HPs)
             Began as a Demonspawn Fire Elementalist on Nov 7, 2021.
             Was the Champion of Vehumet.
             Mangled by a red very ugly thing (9 damage)
             ... on level 3 of the Depths on Nov 8, 2021.
             The game lasted 03:17:20 (72023 turns).

iamoutofideas the Sorcerer (DsFE)                  Turns: 72023, Time: 03:17:20

Health: -6/156     AC:  2    Str: 11    XL:     23   Next: 71%
Magic:  24/67      EV: 18    Int: 29    God:    Vehumet [******]
Gold:   3195       SH:  0    Dex: 15    Spells: 4/72 levels left

rFire   + + .      SeeInvis +   h - +6 Majin-Bo {vamp, MP+6 Int+6}
rCold   + + .      Faith    .   (shield currently unavailable)
rNeg    + + .      Spirit   .   w - +5 steam dragon scales
rPois   +          Reflect  .   M - +2 helmet
rElec   +          Harm     .   r - scarf {rC+ rF+}
rCorr   .          Rampage  .   (gloves unavailable)
Will    ++...                   N - +0 pair of boots
Stlth   +++.......              R - macabre finger necklace {rN+}
HPRegen 1.36/turn               H - ring of Tishros {rC+ SInv Stlth+}
MPRegen 0.40/turn               X - ring "Boytel" {rF+ rN+}
                                p - ring of Pupala {rPois Will+ MP+9}

@: corroded, studying Ice Magic
A: thin metallic scales 3, powered by death 2, spiny 3, corrupting presence 2,
demonic touch 3
}: 3/15 runes: serpentine, barnacled, silver
a: Renounce Religion


You were on level 3 of the Depths.
You worshipped Vehumet.
Vehumet was exalted by your worship.
You visited 10 branches of the dungeon, and saw 44 of its levels.
You visited the Abyss 2 times.
You visited 1 bazaar.
You also visited: Sewer, Ossuary and Ice Cave.

You collected 6923 gold pieces.
You spent 3728 gold pieces at shops.

Inventory:

Hand Weapons
 h - the +6 Majin-Bo (weapon) {vamp, MP+6 Int+6}
   (You found it on level 1 of the Depths)

   It occasionally heals its wielder for a portion of the damage dealt when they
   wound a living foe with it or with a spell.
   Its wielder's spells cost health as well as magical power.
   Int:       It affects your intelligence (+6).
   MP:        It affects your magic capacity (+6).
Armour
 d - a +3 buckler of cold resistance
 m - the +4 ring mail "Xots" {rCorr}
   (You found it on level 12 of the Dungeon)

   rCorr:     It protects you from acid and corrosion.
 r - a scarf of resistance (worn)
 w - +5 steam dragon scales (worn)
 M - a +2 helmet (worn)
 N - a +0 pair of boots (worn)
 Y - a +2 cloak of willpower
Magical Staves
 U - a staff of fire
Jewellery
 p - the ring of Pupala (on amulet) {rPois Will+ MP+9}
   (You bought it in a shop in a bazaar)

   [ring of magical power]

   rPois:     It protects you from poison.
   MP:        It affects your magic capacity (+9).
   Will:      It increases your willpower.
 q - a ring of resist corrosion
 y - the ring of the Tortoise {AC+8}
   (You found it on level 5 of the Vaults)

   [ring of protection]

   AC:        It affects your AC (+8).
 H - the ring of Tishros (left hand) {rC+ SInv Stlth+}
   (You bought it in a shop on level 2 of the Snake Pit)

   [ring of see invisible]

   rC:        It protects you from cold.
   SInv:      It lets you see invisible.
   Stlth:     It makes you more stealthy.
 J - the ring of Itujum {Fly rC- Int+6 Dex+6}
   (You took it off a deep elf annihilator on level 3 of the Elven Halls)

   [ring of dexterity]

   Int:       It affects your intelligence (+6).
   Dex:       It affects your dexterity (+6).
   rC:        It makes you vulnerable to cold.
   Fly:       It grants you flight.
 K - the ring of the Voivode {rPois Dex+8}
   (You took it off a deep elf demonologist on level 3 of the Elven Halls)

   [ring of poison resistance]

   Dex:       It affects your dexterity (+8).
   rPois:     It protects you from poison.
 R - the macabre finger necklace (around neck) {rN+}
   (You took it off a vampire on level 11 of the Dungeon)

   [amulet of nothing]

   It enables you to equip an extra ring.
   rN:        It protects you from negative energy.
 W - the ring of Gitaeqei {*Slow rC++ Int+4 Dex+2 Slay+4}
   (You found it on level 3 of the Lair of Beasts)

   [ring of slaying]

   Int:       It affects your intelligence (+4).
   Dex:       It affects your dexterity (+2).
   Slay:      It affects your accuracy & damage with ranged weapons and melee
   (+4).
   rC:        It greatly protects you from cold.
   *Slow:     It may slow you when you take damage.
 X - the ring "Boytel" (right hand) {rF+ rN+}
   (You bought it in a shop on level 2 of the Snake Pit)

   [ring of protection from fire]

   rF:        It protects you from fire.
   rN:        It protects you from negative energy.
Wands
 c - a wand of acid (8)
 f - a wand of digging (7)
 I - a wand of mindburst (81)
 L - a wand of paralysis (43)
 T - a wand of iceblast (23)
Scrolls
 o - 3 scrolls of immolation
 t - 14 scrolls of teleportation
 x - 5 scrolls of magic mapping
 z - 2 scrolls of brand weapon
 B - 3 scrolls of silence
 D - 3 scrolls of torment
 G - 7 scrolls of fear
 O - 5 scrolls of enchant weapon
 P - 4 scrolls of amnesia
 Q - 7 scrolls of fog
Potions
 a - 5 potions of berserk rage
 b - 4 potions of cancellation
 e - 10 potions of mutation
 g - 3 potions of ambrosia
 i - 4 potions of haste
 j - 12 potions of lignification
 k - 7 potions of brilliance
 l - 9 potions of might
 n - 9 potions of flight
 s - 5 potions of curing
 v - 3 potions of magic
 A - 3 potions of heal wounds
 E - 3 potions of resistance
 S - a potion of invisibility
Miscellaneous
 F - a phantom mirror
 Z - a condenser vane


   Skills:
 + Level 7.1 Fighting
 + Level 4.6 Staves
 + Level 11.6 Dodging
 - Level 1.9 Stealth
 + Level 8.8 Shields
 - Level 1.0 Unarmed Combat
 + Level 25.0 Spellcasting
 + Level 17.4 Conjurations
 + Level 20.9 Fire Magic
 + Level 1.8 Ice Magic
 + Level 5.0 Air Magic
 + Level 7.7 Earth Magic
 + Level 0.2 Poison Magic
 - Level 1.6 Evocations


You had 4 spell levels left.
You knew the following spells:

 Your Spells              Type           Power      Damage    Failure   Level
a - Ignition              Fire           51%        3d14      1%          8
b - Scorch                Fire           100%       2d10      0%          2
c - Fireball              Conj/Fire      49%        3d19      0%          5
d - Flame Wave            Conj/Fire      99%        3d16      0%          4
e - Frozen Ramparts       Ice            92%        1d11      1%          3
f - Fire Storm            Conj/Fire      49%        8d13      9%          9
g - Statue Form           Tmut/Erth      36%        N/A       26%         6
h - Sticky Flame          Conj/Fire      99%        2d11      0%          4
i - Swiftness             Air            60%        N/A       1%          3
j - Lightning Bolt        Conj/Air       39%        1d58      1%          5
k - Freezing Cloud        Conj/Ice/Air   35%        6-21      1%          5
l - Iron Shot             Conj/Erth      41%        9d8       1%          6
m - Maxwell's Capacitive  Air            30%        ∞         82%         8

Your spell library contained the following spells:

 Spells                   Type           Power      Damage    Failure   Level
 Shatter                  Erth           34%        3d28*     100%        9
 Foxfire                  Conj/Fire      100%       2x1d9     0%          1
 Magic Dart               Conj           100%       1d8       0%          1
 Shock                    Conj/Air       100%       1d9       0%          1
 Searing Ray              Conj           100%       2d8       0%          2
 Conjure Flame            Conj/Fire      99%        6-21      0%          3
 Beastly Appendage        Tmut           72%        N/A       1%          1
 Freeze                   Ice            100%       1d11      1%          1
 Slow                     Hex            100%       N/A       1%          1
 Sting                    Tmut/Pois      100%       1d8       1%          1
 Blink                    Tloc           72%        N/A       1%          2
 Corpse Rot               Necr/Air       100%       N/A       1%          2
 Ensorcelled Hibernation  Hex/Ice        82%        N/A       1%          2
 Passwall                 Tmut/Erth      45%        N/A       1%          2
 Poisonous Vapours        Pois/Air       100%       N/A       1%          2
 Wereblood                Tmut           36%        N/A       1%          2
 Dazzling Flash           Conj/Hex       100%       N/A       1%          3
 Inner Flame              Hex/Fire       77%        N/A       1%          3
 Mephitic Cloud           Conj/Pois/Air  69%        N/A       1%          3
 Airstrike                Air            30%        N/A       1%          4
 Animate Armour           Summ/Erth      100%       N/A       1%          4
 Fulminant Prism          Conj/Hex       36%        3d18      1%          4
 Hailstorm                Conj/Ice       75%        3d15      1%          4
 Iskenderun's Mystic Bla  Conj/Tloc      72%        2d15      1%          4
 Olgreb's Toxic Radiance  Pois           37%        N/A       1%          4
 Petrify                  Tmut/Erth      55%        N/A       1%          4
 Confusing Touch          Hex            36%        N/A       2%          3
 Gell's Gravitas          Tloc           36%        N/A       2%          3
 Lesser Beckoning         Tloc           36%        N/A       2%          3
 Spider Form              Tmut/Pois      37%        N/A       2%          3
 Summon Guardian Golem    Hex/Summ       36%        N/A       2%          3
 Teleport Other           Tloc           36%        N/A       2%          3
 Tukima's Dance           Hex            36%        N/A       2%          3
 Ice Form                 Ice/Tmut       41%        N/A       5%          4
 Summon Ice Beast         Ice/Summ       41%        N/A       5%          4
 Animate Dead             Necr           18%        N/A       8%          4
 Iskenderun's Battlesphe  Conj           95%        2d14      0%          5
 Irradiate                Conj/Tmut      36%        3d26      1%          5
 Lee's Rapid Deconstruct  Erth           34%        3d18*     1%          5
 Conjure Ball Lightning   Conj/Air       39%        3x3d13    1%          6
 Starburst                Conj/Fire      49%        6d14      1%          6
 Orb of Destruction       Conj           47%        9d15      1%          7
 Spellforged Servitor     Conj/Summ      36%        N/A       5%          7
 Yara's Violent Unravell  Hex/Tmut       18%        3d9       6%          5
 Metabolic Englaciation   Hex/Ice        20%        N/A       16%         5
 Blade Hands              Tmut           18%        N/A       22%         5
 Manifold Assault         Tloc           36%        N/A       22%         5
 Summon Forest            Summ/Tloc      18%        N/A       22%         5
 Summon Mana Viper        Hex/Summ       36%        N/A       22%         5
 Eringya's Noxious Bog    Tmut/Pois      18%        N/A       28%         6
 Ozocubu's Refrigeration  Ice            23%        4d9       58%         7
 Simulacrum               Ice/Necr       20%        N/A       65%         6
 Dispersal                Tloc           18%        N/A       77%         6
 Invisibility             Hex            18%        N/A       77%         6
 Summon Cactus Giant      Summ           18%        N/A       77%         6
 Chain Lightning          Conj/Air       39%        3d52      87%         9
 Haunt                    Necr/Summ      18%        N/A       100%        7
 Summon Hydra             Summ           18%        N/A       100%        7
 Infestation              Necr           18%        N/A       100%        8


Dungeon Overview and Level Annotations

Branches:
Dungeon (15/15)            Temple (1/1) D:4            Lair (6/6) D:11
 Shoals (4/4) Lair:3        Snake (4/4) Lair:2        Slime (0/5) Lair:6
    Orc (2/2) D:12            Elf (3/3) Orc:2        Vaults (5/5) D:14
  Crypt (0/3) Vaults:3     Depths (3/4) D:15           Hell (visited)
  Sewer (visited)         Ossuary (visited)           IceCv (visited)
    Dis: Hell:1         Geh: Hell:1         Coc: Hell:1         Tar: Hell:1

Altars:
Ashenzari
Cheibriados
Dithmenos
Elyvilon
Fedhas
Gozag
Hepliaklqana
Kikubaaqudgha
Makhleb
Nemelex Xobeh
Okawaru
Qazlal
Ru
Sif Muna
Trog
Uskayaw
Vehumet
Wu Jian
Xom
Yredelemnul
Zin
The Shining One

Shops:
D:1 [   D:13 [   Orc:2 (?*?   Elf:1 =   Elf:3 =::   Shoals:2 [   Snake:1 :
Snake:2 =*   Snake:4 (   Depths:1 **

Portals:
Hell: Lair:6 Depths:1 Depths:2
Abyss: Depths:1 Depths:2
Pandemonium: Depths:2

Annotations:
D:3 exclusion: downstairs
D:12 exclusion: downstairs
Lair:4 exclusion: downstairs
Elf:2 3 runed translucent doors
Hell Geryon


Innate Abilities, Weirdness & Mutations

You are completely covered in thin metallic scales. (AC +4, rElec)
You regenerate health from kills.
You are completely covered in sharp spines.
Your presence sometimes corrodes or deforms those you injure.
Your touch may irresistibly damage your foes and sap their willpower.


Message History

Press: ? - help, Shift-Dir - straight line, f - caustic shrike
Aim: a caustic shrike (lightly wounded, 51% to hit)
The iron shot hits the caustic shrike!!!
You feel better.
The caustic shrike is heavily wounded.
The caustic shrike claws you!
You are splashed with acid!
The caustic shrike misses you.
Unknown command.
Casting: Iron Shot (mildly dangerous; 1% risk of failure)
Confirm with . or Enter, or press ? or * to list all spells.
Aiming: Iron Shot (mildly dangerous; 1% risk of failure)
Press: ? - help, Shift-Dir - straight line, f/p - caustic shrike
Aim: a caustic shrike (heavily wounded, 51% to hit)
The iron shot hits the caustic shrike!!
You feel better.
The caustic shrike is severely wounded.
The caustic shrike is struck by your spines.
The caustic shrike closely misses you.
A brown ugly thing comes into view.
The caustic shrike is struck by your spines.
The caustic shrike claws you!!
* * * LOW HITPOINT WARNING * * *
The acid corrodes you!
You are splashed with acid!
* * * LOW HITPOINT WARNING * * *
A brown very ugly thing comes into view.
The brown very ugly thing tail-slaps you.
* * * LOW HITPOINT WARNING * * *
You are splashed with acid!
* * * LOW HITPOINT WARNING * * *
Okay, then.
You feel much better. The caustic shrike barely misses you.
A brown very ugly thing comes into view.
The caustic shrike is struck by your spines.
The caustic shrike claws you!!
* * * LOW HITPOINT WARNING * * *
The acid corrodes you!
You are splashed with acid!
* * * LOW HITPOINT WARNING * * *
The brown very ugly thing is struck by your spines.
The brown very ugly thing basks in the mutagenic energy and changes!
The red very ugly thing tail-slaps you!
You die...

#. ... #. # ...
.u #. ..##. ###
#.##.#.....
+..#.#u#.#
#....#uV.##.#
#....#@b....#
####+#..........
#...............
##.<.###........
#...+ ........#
##..# ........#
#..# .....####
##.##..#### #..
.#


You could see a caustic shrike, 3 very ugly things and a vampire mage
(corroded).

Vanquished Creatures
  Mennas (Vaults:4)
  An ancient lich (Vaults:5)
  Mara (Elf:3)
  Xtahua (Vaults:3)
  Saint Roka (Elf:3)
  3 golden dragons (Vaults:5)
  2 hellephants
  6 tentacled monstrosities
  Mlioglotl (Shoals:3)
  Rupert (Lair:5)
  3 liches (Depths:2)
  3 titans
  A deep elf blademaster (Elf:3)
  2 quicksilver dragons (Vaults:5)
  A walking frostbound tome (Depths:2)
  4 krakens
  4 tentacled starspawn
  A deep elf master archer (Elf:3)
  The ghost of Leeroy the Wrestler, an adept DrTm of Wu Jian (Elf:1)
  4 shadow dragons
  Polyphemus (Shoals:3)
  An Executioner (Abyss:3)
  5 sphinxes
  Frances (Snake:1)
  7 tengu reavers
  5 storm dragons
  Kirke (Shoals:1)
  A nagaraja (Snake:4)
  4 fire giants
  2 orc warlords
  Aizul (Snake:4)
  4 deep elf sorcerers
  Louise (Shoals:3)
  A cacodemon (Elf:1)
  20 vault wardens
  A curse skull (Vaults:3)
  4 frost giants (Vaults:5)
  4 deep elf elementalists (Elf:3)
  A ghoul (Vaults:3)
  4 war gargoyles
  22 ironbound preservers
  2 vampire knights
  6 very ugly things
  10 stone giants
  Nessos (D:13)
  6 deep elf demonologists
  An entropy weaver (Vaults:3)
  11 deep elf annihilators
  6 dire elephants
  Snorg (Lair:5)
  5 deep elf death magi
  A crystal guardian (Vaults:3)
  An ettin (shapeshifter) (Vaults:5)
  8 merfolk javelineers
  7 ettins
  3 great orbs of eyes
  5 fire dragons
  The ghost of jasper the Martial Artist, a journeyman DsCA of Ignis (D:10)
  13 merfolk impalers
  23 yaktaur captains
  Fannar (D:12)
  Erolcha (D:13)
  12 deep elf high priests
  8 hydras
  5 ice dragons
  5 salamander tyrants
  37 vault guards
  6 rakshasas
  2 peacekeepers
  10 ironbound thunderhulks
  13 anacondas
  A spriggan air mage (Depths:2)
  11 ironbound frosthearts
  8 naga warriors
  4 boulder beetles
  3 alligator snapping turtles
  A catoblepas (Shoals:3)
  16 centaur warriors
  8 two-headed ogres
  9 merfolk avatars
  An ogre mage (D:11)
  A death knight (Vaults:3)
  7 merfolk aquamancers
  4 satyrs
  14 dancing weapons
  6 tengu warriors
  5 deep troll shamans
  3 thrashing horrors (Abyss:3)
  15 naga sharpshooters
  3 death yaks (Shoals:3)
  7 deep troll earth magi
  Urug (Lair:3)
  8 hell hogs (Depths:1)
  4 orc high priests (Orc:2)
  10 shock serpents
  A shock serpent (shapeshifter) (Vaults:5)
  A sun demon (Abyss:3)
  8 deep elf knights
  Nergalle (Lair:4)
  A spriggan berserker (Depths:2)
  Sonja (Lair:4)
  A fire crab (Shoals:4)
  2 spriggans (Depths:2)
  4 salamander mystics
  A sixfirhy (Lair:6)
  35 deep trolls
  A golden dragon zombie (Vaults:4)
  19 sea snakes
  2 hell knights (Vaults:4)
  2 deep trolls (shapeshifter) (Vaults:5)
  6 iron trolls
  2 flayed ghosts (Vaults:5)
  4 glowing orange brains
  12 deep elf archers
  13 wizards
  Pikel (D:3)
  13 harpies
  8 necromancers
  7 lindwurms
  21 ironbound convokers
  7 deep elf zephyrmancers (Elf:1)
  7 orc knights
  10 mana vipers
  A wolf spider (Vaults:5)
  7 naga ritualists
  4 phantasmal warriors
  An orb spider (Abyss:2)
  A lindwurm (shapeshifter) (Vaults:5)
  18 deep elf pyromancers
  An oklob plant (Lair:6)
  A wolf spider (shapeshifter) (Vaults:5)
  6 orc sorcerers
  12 cyclopes
  39 ugly things
  A shining eye (shapeshifter) (Vaults:5)
  A salamander (shapeshifter) (Elf:2)
  17 manticores
  A worldbinder (Abyss:2)
  A frost giant zombie (Vaults:4)
  21 salamanders
  A shadow dragon skeleton (Vaults:1)
  11 fauns
  21 vault sentinels
  6 merfolk sirens
  3 rust devils (Abyss:3)
  56 black mambas
  A frost giant skeleton (Vaults:4)
  2 stone giant skeletons (Vaults:1)
  A water nymph (shapeshifter) (Vaults:5)
  19 elephants
  7 water nymphs
  9 cane toads
  3 smoke demons
  9 guardian serpents
  15 naga magi
  A torpor snail (Lair:3)
  Psyche (D:8)
  5 orange demons
  4 gargoyles
  A torpor snail (shapeshifter) (Depths:1)
  2 human zombies (Vaults:4)
  A yaktaur (shapeshifter) (Vaults:5)
  A cane toad (shapeshifter) (D:11)
  A yaktaur zombie (Vaults:4)
  7 rime drakes
  An unseen horror (Abyss:3)
  32 yaktaurs
  A rime drake (shapeshifter) (D:14)
  3 ice statues (IceCv)
  10 komodo dragons
  4 human skeletons
  A hellwing (Lair:6)
  An efreet (Abyss:3)
  4 freezing wraiths
  3 anaconda simulacra
  An ice devil (Lair:6)
  67 merfolk
  6 tengu conjurers
  An ancient zyme (Abyss:2)
  A harpy zombie (Abyss:3)
  3 large abominations
  4 trolls
  9 polar bears
  10 wind drakes
  27 slime creatures
  2 hornets (Depths:2)
  9 snapping turtles
  11 raiju (Abyss:3)
  17 blink frogs
  18 dream sheep
  A fire giant simulacrum (Vaults:1)
  A stone giant simulacrum (Vaults:1)
  A raiju (shapeshifter) (Vaults:5)
  A spriggan (shapeshifter) (Elf:1)
  3 redbacks (Vaults:5)
  A redback (shapeshifter) (Vaults:5)
  2 vampires
  An air elemental (Elf:2)
  2 dire elephant simulacra
  51 yaks
  A ynoxinul (Abyss:2)
  24 water elementals
  3 wyverns
  4 shadows
  6 basilisks
  2 wraiths
  4 fire elementals
  3 steam dragons
  A chaos spawn (Abyss:3)
  5 golden eyes (Abyss:3)
  A human (Shoals:1)
  A basilisk (shapeshifter) (Vaults:5)
  Menkaure (D:7)
  Grum (D:9)
  7 fire bats
  A death yak simulacrum (IceCv)
  A hog (Shoals:1)
  10 vampire mosquitoes
  A neqoxec (Abyss:2)
  6 wargs
  44 nagas
  5 small abominations
  4 acid dragons
  2 nagas (shapeshifter)
  23 water moccasins
  An acid dragon (shapeshifter) (Elf:1)
  5 hell hounds (Lair:6)
  2 floating eyes
  An ogre skeleton (Vaults:1)
  28 orc warriors
  2 ice beasts (shapeshifter) (Elf:1)
  An ogre (shapeshifter) (Elf:1)
  2 black bears
  18 centaurs
  5 ogres
  38 wolves
  A boggart (shapeshifter) (Vaults:5)
  3 lemures
  Blork the orc (D:4)
  2 kobold brigands
  18 bullfrogs
  A gnoll sergeant (D:13)
  A scorpion (shapeshifter) (Elf:1)
  A cane toad simulacrum (IceCv)
  4 scorpions
  2 wyvern zombies
  A wyvern skeleton (D:5)
  A water moccasin zombie (D:7)
  6 killer bees (D:9)
  A water moccasin skeleton (D:6)
  A blink frog simulacrum (Lair:2)
  8 wights (D:8)
  3 howler monkeys
  2 electric eels (Lair:1)
  2 bullfrog zombies (D:6)
  A centaur skeleton (D:7)
  A komodo dragon simulacrum (Lair:2)
  3 hounds
  6 lava snakes
  11 starcursed masses (Abyss:3)
  A jelly (Abyss:2)
  22 orc priests
  5 centaur zombies
  A gnoll shaman (D:6)
  10 iguanas
  34 orc wizards
  7 hell rats (Lair:3)
  3 polar bear simulacra (IceCv)
  A killer bee zombie (D:6)
  2 hound skeletons
  4 mummies (Ossuary)
  Robin (D:4)
  13 gnolls
  14 adders
  2 river rats (Sewer)
  A shadow imp (Abyss:2)
  2 white imps
  2 ufetubi
  2 adder skeletons
  4 worms
  3 dart slugs
  72 orcs
  A ball python (shapeshifter) (Elf:1)
  5 bats
  6 endoplasms
  A giant cockroach (D:4)
  6 gnoll zombies (Ossuary)
  A goblin (shapeshifter) (Elf:1)
  9 goblins
  10 hobgoblins
  7 jackals
  5 quokkas
  3 training dummies (Snake:4)
  10 ball pythons
  2 frilled lizards (D:3)
  8 gnoll skeletons (Ossuary)
  2 goblin skeletons (Ossuary)
  3 goblin zombies (Ossuary)
  A hobgoblin skeleton (Ossuary)
  6 hobgoblin zombies (Ossuary)
  6 kobolds
  5 kobold skeletons (Ossuary)
  2 kobold zombies (Ossuary)
  4 orc skeletons (Ossuary)
  4 orc zombies (Ossuary)
  9 rats
  5 rat skeletons (Ossuary)
  4 rat zombies (Ossuary)
  A bush (Lair:2)
  7 starspawn tentacles
  7 tentacles
2007 creatures vanquished.

Vanquished Creatures (collateral kills)
  A titan (Vaults:5)
  6 foxfires
7 creatures vanquished.

Vanquished Creatures (others)
  A deep elf annihilator (Vaults:5)
  A faun (Shoals:4)
  2 humans (Shoals:1)
  An orc wizard (D:11)
  10 fire vortices
  747 foxfires
  40 fungi
  117 plants
  12 starspawn tentacles
  25 tentacles
956 creatures vanquished.

Grand Total: 2970 creatures vanquished

Notes
Turn   | Place    | Note
-------+----------+-------------------------------------------
     0 | D:1      | iamoutofideas the Demonspawn Fire Elementalist began the
                  | quest for the Orb.
     0 | D:1      | Reached XP level 1. HP: 13/13 MP: 3/3
   259 | D:1      | Gained mutation: You are partially covered in thin metallic
                  | scales. (AC +2) [demonic ancestry]
   259 | D:1      | Reached XP level 2. HP: 19/19 MP: 0/5
   665 | D:1      | Found Hodoen's Armour Shoppe.
   771 | D:2      | Learned a level 2 spell: Scorch
   818 | D:2      | Reached skill level 1 in Unarmed Combat
   956 | D:2      | Gained mutation: Your touch may inflict minor irresistible
                  | damage on your foes. [demonic ancestry]
   956 | D:2      | Reached XP level 3. HP: 24/24 MP: 2/6
  1605 | D:2      | Reached XP level 4. HP: 27/30 MP: 2/8
  1630 | D:2      | Learned a level 3 spell: Conjure Flame
  1895 | D:2      | Reached skill level 3 in Spellcasting
  2388 | D:3      | Found a faded altar of an unknown god.
  2656 | D:2      | Reached XP level 5. HP: 23/35 MP: 2/9
  2661 | D:2      | Learned a level 4 spell: Flame Wave
  3178 | D:3      | Noticed a centaur
  3183 | D:3      | Killed a centaur
  3184 | D:3      | Reached skill level 4 in Spellcasting
  3184 | D:3      | Gained mutation: Your touch may inflict irresistible damage
                  | on your foes. [demonic ancestry]
  3184 | D:3      | Reached XP level 6. HP: 21/41 MP: 5/12
  4462 | D:4      | Noticed a water moccasin
  4474 | D:4      | Killed a water moccasin
  4475 | D:4      | Reached XP level 7. HP: 45/46 MP: 2/14
  4589 | D:4      | Reached skill level 5 in Spellcasting
  4860 | D:4      | Found a staircase to the Ecumenical Temple.
  4928 | Temple   | Entered the Ecumenical Temple
  5009 | Temple   | Became a worshipper of Vehumet
  5420 | D:4      | Noticed Pikel
  5598 | D:3      | Killed Pikel
  5599 | D:3      | Reached skill level 6 in Spellcasting
  5599 | D:3      | Reached skill level 5 in Fire Magic
  5599 | D:3      | Reached XP level 8. HP: 14/53 MP: 7/17
  5858 | D:4      | Noticed Blork the orc
  5868 | D:4      | Killed Blork the orc
  5932 | D:4      | Noticed Robin
  6016 | D:4      | Killed Robin
  6283 | D:4      | Reached skill level 1 in Fighting
  6283 | D:4      | Reached skill level 7 in Spellcasting
  6541 | D:4      | Reached skill level 8 in Spellcasting
  6542 | D:4      | Reached * piety under Vehumet
  6542 | D:4      | Offered knowledge of Sandblast by Vehumet.
  6543 | D:4      | Reached XP level 9. HP: 48/59 MP: 1/21
  6756 | D:5      | Entered Level 5 of the Dungeon
  6869 | D:5      | Found a hazy altar of Hepliaklqana.
  7004 | D:5      | Found a glowing drain.
  7016 | Sewer    | Entered a sewer
  7177 | Sewer    | Learned a level 3 spell: Frozen Ramparts
  7628 | D:5      | Reached skill level 9 in Spellcasting
  7741 | D:5      | Offered knowledge of Shock by Vehumet.
  7804 | D:5      | Reached ** piety under Vehumet
  8253 | D:6      | Reached skill level 5 in Conjurations
  8934 | D:6      | Offered knowledge of Dazzling Flash by Vehumet.
  9047 | D:7      | Noticed Menkaure
  9222 | D:7      | Killed Menkaure
  9223 | D:7      | Gained mutation: You regenerate a little health from kills.
                  | [demonic ancestry]
  9223 | D:7      | Reached XP level 10. HP: 62/65 MP: 18/23
  9287 | D:7      | Found a sand-covered staircase.
  9294 | Ossuary  | Entered an ossuary
  9385 | Ossuary  | Reached *** piety under Vehumet
  9558 | Ossuary  | Offered knowledge of Mephitic Cloud by Vehumet.
  9581 | Ossuary  | Learned a level 3 spell: Mephitic Cloud
  9758 | Ossuary  | Reached **** piety under Vehumet
  9797 | Ossuary  | Offered knowledge of Iskenderun's Battlesphere by Vehumet.
  9962 | D:7      | Reached skill level 10 in Spellcasting
 10190 | D:7      | Noticed a two-headed ogre
 10199 | D:7      | Killed a two-headed ogre
 11135 | D:8      | Noticed Psyche
 11139 | D:8      | Killed Psyche
 11594 | D:8      | Reached ***** piety under Vehumet
 11939 | D:8      | Identified the +0 scale mail "Surel" {Will+ Dex+3 Slay+3}
 12333 | D:9      | Noticed a cyclops
 12340 | D:9      | Killed a cyclops
 12341 | D:9      | Gained mutation: Your touch may irresistibly damage your
                  | foes and sap their willpower. [demonic ancestry]
 12341 | D:9      | Reached XP level 11. HP: 38/73 MP: 19/25
 12584 | D:9      | Learned a level 6 spell: Statue Form
 12757 | D:1      | Bought a +0 pair of boots for 49 gold pieces
 13116 | D:9      | Offered knowledge of Sticky Flame by Vehumet.
 13117 | D:9      | Reached skill level 1 in Shields
 13117 | D:9      | Noticed Grum
 13122 | D:9      | Killed Grum
 13223 | D:9      | Learned a level 4 spell: Sticky Flame
 13408 | D:9      | Noticed a five-headed hydra
 13414 | D:9      | Killed a five-headed hydra
 13627 | D:9      | Noticed a two-headed ogre
 13636 | D:9      | Killed a two-headed ogre
 13637 | D:9      | Reached skill level 11 in Spellcasting
 14122 | D:10     | Entered Level 10 of the Dungeon
 14634 | D:10     | Found a transporter.
 14636 | D:10     | Noticed a two-headed ogre
 14641 | D:10     | Noticed a two-headed ogre
 14650 | D:10     | Noticed a two-headed ogre
 14654 | D:10     | Noticed a two-headed ogre
 14675 | D:10     | Found a transporter.
 14678 | D:10     | Noticed jasper's ghost (journeyman DsCA)
 14885 | D:10     | You fall into a shaft and drop 2 floors!
 14932 | D:12     | Reached skill level 5 in Dodging
 15270 | D:11     | Noticed an ogre mage
 15515 | D:12     | Noticed Fannar
 15523 | D:12     | Killed Fannar
 15735 | D:11     | Reached XP level 12. HP: 78/82 MP: 23/27
 16106 | D:11     | Killed an ogre mage
 16107 | D:11     | Reached skill level 12 in Spellcasting
 16382 | D:11     | Reached skill level 10 in Fire Magic
 16383 | D:11     | Noticed a four-headed hydra
 16389 | D:11     | Killed a four-headed hydra
 17314 | D:11     | Noticed a two-headed ogre
 17319 | D:11     | Killed a two-headed ogre
 17339 | D:11     | Got the Guide on Flight
 17874 | D:11     | Found a staircase to the Lair.
 18134 | D:12     | Found a staircase to the Orcish Mines.
 18226 | D:12     | Identified the +4 ring mail "Xots" {rCorr}
 18295 | D:12     | Noticed a boulder beetle
 18312 | D:12     | Killed a boulder beetle
 18404 | D:12     | Learned a level 3 spell: Swiftness
 18646 | D:13     | Noticed Nessos
 18799 | Lair:1   | Entered Level 1 of the Lair of Beasts
 18948 | Lair:1   | Identified the +10 plate armour of Darkness {rN+ Stlth+}
 19149 | Lair:1   | Reached skill level 13 in Spellcasting
 19414 | Lair:1   | Noticed a five-headed hydra
 19425 | Lair:1   | Killed a five-headed hydra
 19803 | Lair:1   | Gained mutation: You are partially covered in sharp spines.
                  | [demonic ancestry]
 19803 | Lair:1   | Reached XP level 13. HP: 83/88 MP: 25/30
 20521 | Lair:2   | Found a transporter.
 20703 | Lair:2   | Found a staircase to the Snake Pit.
 21085 | Lair:2   | Found a transporter.
 21430 | Lair:3   | Offered knowledge of Lightning Bolt by Vehumet.
 21437 | Lair:3   | Learned a level 5 spell: Lightning Bolt
 21634 | Lair:3   | Noticed Urug
 21644 | Lair:3   | Killed Urug
 22203 | Lair:3   | Identified the ring of Gitaeqei {*Slow rC++ Int+4 Dex+2
                  | Slay+4}
 22471 | Lair:3   | Found a staircase to the Shoals.
 22857 | Lair:2   | Reached skill level 1 in Air Magic
 22996 | Lair:4   | Noticed Sonja
 23002 | Lair:4   | Noticed Nergalle
 23004 | Lair:4   | Reached skill level 14 in Spellcasting
 23014 | Lair:4   | Killed Nergalle
 23446 | Lair:4   | Killed Sonja
 23447 | Lair:4   | Reached skill level 10 in Conjurations
 24140 | Lair:4   | Gained mutation: You regenerate health from kills. [demonic
                  | ancestry]
 24140 | Lair:4   | Reached XP level 14. HP: 77/96 MP: 23/32
 24199 | Lair:5   | Noticed Snorg
 24209 | Lair:5   | Killed Snorg
 24375 | Lair:5   | Offered knowledge of Freezing Cloud by Vehumet.
 24382 | Lair:5   | Learned a level 5 spell: Freezing Cloud
 24494 | Lair:5   | Noticed Rupert
 25249 | D:13     | Killed Nessos
 25545 | D:13     | Found a shadowy altar of Dithmenos.
 26258 | D:13     | Noticed Erolcha
 26264 | D:13     | Cast into level 2 of the Abyss (Erolcha)
 26351 | D:13     | Escaped the Abyss
 26352 | D:13     | Killed Erolcha
 27079 | D:13     | Found Paasovi's Antique Armour Boutique.
 27088 | D:13     | Bought a glowing helmet for 270 gold pieces
 27870 | Orc:1    | Entered Level 1 of the Orcish Mines
 28108 | Orc:2    | Entered Level 2 of the Orcish Mines
 28151 | Orc:2    | Reached skill level 5 in Shields
 28151 | Orc:2    | Reached skill level 1 in Evocations
 28163 | Orc:2    | Offered knowledge of Eringya's Noxious Bog by Vehumet.
 28190 | Orc:2    | Found Zuffov's Magic Scroll Shop.
 28190 | Orc:2    | Found Vutz's Weapon Shop.
 28191 | Orc:2    | Found Leogg's General Store.
 28195 | Orc:2    | Found Kumn's Magic Scroll Boutique.
 28199 | Orc:2    | Bought a potion of heal wounds for 80 gold pieces
 28200 | Orc:2    | Bought a scroll of teleportation for 42 gold pieces
 28200 | Orc:2    | Bought a scroll of teleportation for 42 gold pieces
 28200 | Orc:2    | Bought a scroll of teleportation for 42 gold pieces
 28218 | Orc:2    | Reached skill level 15 in Spellcasting
 28228 | Orc:2    | Reached skill level 5 in Fighting
 28249 | Orc:2    | Found a frozen archway.
 28256 | IceCv    | Entered an ice cave
 28374 | IceCv    | Identified the +9 whip "Zurosism" {vamp, rC+ Str+3}
 28603 | Orc:2    | Found a staircase to the Elven Halls.
 29344 | Lair:5   | Killed Rupert
 29743 | Lair:5   | You fall into a shaft and drop 1 floor!
 29743 | Lair:6   | Entered Level 6 of the Lair of Beasts
 29756 | Lair:6   | Reached XP level 15. HP: 103/103 MP: 30/34
 29756 | Lair:6   | Offered knowledge of Irradiate by Vehumet.
 29797 | Lair:6   | Reached skill level 1 in Ice Magic
 29907 | Lair:6   | Found a staircase to the Slime Pits.
 31038 | Lair:6   | Found a burning altar of Makhleb.
 31252 | Lair:6   | Found a gateway to Hell.
 32450 | D:14     | Found a gate to the Vaults.
 32588 | D:14     | Found a blossoming altar of Fedhas.
 33407 | D:15     | Entered Level 15 of the Dungeon
 33529 | D:15     | Reached skill level 16 in Spellcasting
 33548 | D:15     | Offered knowledge of Fireball by Vehumet.
 33555 | D:15     | Learned a level 5 spell: Fireball
 34381 | D:15     | Found an iron altar of Okawaru.
 34425 | D:15     | Found a staircase to the Depths.
 35355 | Snake:1  | Entered Level 1 of the Snake Pit
 35424 | Shoals:1 | Entered Level 1 of the Shoals
 35432 | Shoals:1 | Reached skill level 1 in Staves
 35432 | Shoals:1 | Gained mutation: You are mostly covered in thin metallic
                  | scales. (AC +3) [demonic ancestry]
 35432 | Shoals:1 | Reached XP level 16. HP: 89/110 MP: 31/36
 36316 | Snake:1  | Found Vena's Book Boutique.
 36327 | Snake:1  | Bought a book of Iron for 504 gold pieces
 36335 | Snake:1  | Learned a level 6 spell: Iron Shot
 37033 | Snake:1  | Found a basalt altar of Yredelemnul.
 37233 | Snake:1  | Noticed Frances
 37242 | Snake:1  | Killed Frances
 38976 | Snake:2  | Reached ****** piety under Vehumet
 39274 | Snake:2  | Found Ulaac's Jewellery Boutique.
 39279 | Snake:2  | Found Sojiukoth's General Store.
 39282 | Snake:2  | Bought an amulet of reflection for 480 gold pieces
 39282 | Snake:2  | Bought the ring "Boytel" {rF+ rN+} for 579 gold pieces
 39282 | Snake:2  | Bought the ring of Tishros {rC+ SInv Stlth+} for 508 gold
                  | pieces
 39929 | Snake:3  | Reached skill level 17 in Spellcasting
 40001 | Snake:3  | Offered knowledge of Ozocubu's Refrigeration by Vehumet.
 40336 | Snake:3  | Gained mutation: You are mostly covered in sharp spines.
                  | [demonic ancestry]
 40336 | Snake:3  | Reached XP level 17. HP: 106/117 MP: 6/38
 41079 | Snake:4  | Entered Level 4 of the Snake Pit
 41379 | Snake:4  | Reached skill level 1 in Earth Magic
 41634 | Snake:4  | Reached skill level 10 in Dodging
 41756 | Snake:4  | Offered knowledge of Fire Storm by Vehumet.
 41756 | Snake:4  | Offered knowledge of Shatter by Vehumet.
 41756 | Snake:4  | Offered knowledge of Ignition by Vehumet.
 42495 | Snake:4  | Found Olicehum's Firing Range.
 42927 | Snake:4  | Noticed Aizul
 42936 | Snake:4  | Killed Aizul
 43250 | Snake:4  | Reached skill level 18 in Spellcasting
 44134 | Snake:4  | Learned a level 8 spell: Ignition
 44139 | Snake:4  | Got a serpentine rune of Zot
 44738 | Shoals:1 | Noticed Kirke
 44743 | Shoals:1 | Killed Kirke
 45180 | Shoals:1 | Noticed a kraken
 45407 | Shoals:1 | Noticed a kraken
 45428 | Shoals:1 | Killed a kraken
 45513 | Shoals:1 | Noticed a kraken
 45529 | Shoals:1 | Identified the amulet of Parphyun {rN+ Regen+ Str-4 Int+3}
 45812 | Shoals:1 | Noticed a kraken
 45818 | Shoals:1 | Killed a kraken
 45821 | Shoals:1 | Killed a kraken
 46036 | Shoals:1 | Found a runed translucent door.
 46077 | Shoals:1 | Reached XP level 18. HP: 48/123 MP: 16/40
 46119 | Shoals:1 | Reached skill level 15 in Fire Magic
 46715 | Shoals:2 | Found Osuthrigiw's Armour Shop.
 47378 | Shoals:3 | Found a flickering gateway to a bazaar.
 47795 | Shoals:3 | Noticed Mlioglotl
 47797 | Shoals:3 | Noticed Louise
 47805 | Shoals:3 | Killed Mlioglotl
 47819 | Bazaar   | Entered a bazaar
 47819 | Bazaar   | Found Qum Moh's Weapon Shoppe.
 47819 | Bazaar   | Found Cuylirir's Jewellery Shoppe.
 47819 | Bazaar   | Found Wecrohugh's Antique Armour Emporium.
 47819 | Bazaar   | Found Difadoma's Armour Emporium.
 47992 | Bazaar   | Bought the ring of Pupala {rPois Will+ MP+9} for 404 gold
                  | pieces
 48008 | Shoals:3 | Cast into level 2 of the Abyss (Louise)
 48417 | Abyss:2  | Noticed a bone dragon
 48444 | Abyss:3  | Reached skill level 19 in Spellcasting
 48449 | Abyss:3  | Noticed a hellephant
 48470 | Abyss:3  | Killed a hellephant
 48679 | Shoals:3 | Escaped the Abyss
 48691 | Shoals:3 | Killed Louise
 48954 | Shoals:3 | Noticed Polyphemus
 48976 | Shoals:3 | Killed Polyphemus
 49560 | Shoals:4 | Entered Level 4 of the Shoals
 49986 | Shoals:4 | Gained mutation: Your presence sometimes corrodes those you
                  | injure. [demonic ancestry]
 49986 | Shoals:4 | Reached XP level 19. HP: 122/130 MP: 19/42
 50311 | Shoals:4 | Reached skill level 20 in Spellcasting
 51037 | Shoals:4 | Identified the +12 quarterstaff "Lorem Ipsum" {elec, Dex+2}
 51446 | Shoals:4 | Got a barnacled rune of Zot
 52037 | Elf:1    | Entered Level 1 of the Elven Halls
 52058 | Elf:1    | Reached skill level 15 in Conjurations
 52241 | Elf:1    | Found a runed translucent gate.
 52243 | Elf:1    | Found a runed translucent gate.
 52244 | Elf:1    | Found a runed translucent gate.
 53075 | Elf:1    | Found the +3 giant club "Skullcrusher" {speed, Str+7}
 53140 | Elf:1    | Found a runed translucent gate.
 53140 | Elf:1    | Found a runed translucent gate.
 53140 | Elf:1    | Found a runed translucent gate.
 53140 | Elf:1    | Found a runed translucent gate.
 53140 | Elf:1    | Found a runed translucent gate.
 53141 | Elf:1    | Found a runed translucent gate.
 53437 | Elf:1    | Found Zuigucek's Jewellery Shop.
 53531 | Elf:1    | Found a runed translucent gate.
 53531 | Elf:1    | Found a runed translucent gate.
 53534 | Elf:1    | Noticed Leeroy's ghost (adept DrTm)
 53541 | Elf:1    | Found a runed translucent gate.
 53560 | Elf:1    | Killed Leeroy's ghost
 53573 | Elf:1    | Identified the +1 hat of Disguise {rPois}
 53743 | D:12     | Identified a scroll of acquirement
 53744 | D:12     | Acquired Dispater's Disquisition on Creative Arcane Weapons
 53845 | D:10     | Killed jasper's ghost
 54864 | Elf:2    | Reached skill level 21 in Spellcasting
 54864 | Elf:2    | Gained mutation: Your presence sometimes corrodes or
                  | deforms those you injure. [demonic ancestry]
 54864 | Elf:2    | Reached XP level 20. HP: 103/137 MP: 14/45
 55260 | Elf:2    | Found a runed translucent gate.
 55261 | Elf:2    | Found a runed translucent gate.
 55261 | Elf:2    | Found a runed translucent gate.
 55539 | Elf:3    | Entered Level 3 of the Elven Halls
 55540 | Elf:3    | Noticed Saint Roka
 55547 | Elf:3    | Killed Saint Roka
 56404 | Elf:3    | Identified the +4 great sword of Miump {speed, rN+ Str+4
                  | Dex+5}
 56404 | Elf:3    | Identified the ring "Opleumuh" {rF+ Str+6}
 56409 | Elf:3    | Identified the +7 battleaxe "Zoywnum" {venom, rF+}
 56412 | Elf:3    | Identified the ring of Itujum {Fly rC- Int+6 Dex+6}
 56718 | Elf:3    | Noticed Mara
 56732 | Elf:3    | Killed Mara
 56734 | Elf:3    | Found Qiuf's Book Shoppe.
 56735 | Elf:3    | Found Axor's Jewellery Boutique.
 56775 | Elf:3    | Found Ipiymeth's Book Shoppe.
 57171 | Elf:3    | Identified the ring of the Voivode {rPois Dex+8}
 57336 | Elf:3    | Identified the +6 plate armour "Lidif" {rElec rF+++ rC-}
 57425 | Elf:3    | Identified the +2 chain mail of Norru {rF- Dex+2 Slay+2}
 57750 | Elf:3    | Learned a level 9 spell: Fire Storm
 58052 | Depths:1 | Entered Level 1 of the Depths
 58146 | Depths:1 | You fall into a shaft and drop 1 floor!
 58298 | Depths:2 | Identified the +5 long sword "Odyboib" {freeze, Fragile
                  | Will+ SInv}
 58716 | Depths:2 | Found a one-way gate to the infinite horrors of the Abyss.
 59319 | Depths:2 | Found a broken altar of Ashenzari.
 59873 | Depths:2 | Found a one-way gate leading to the halls of Pandemonium.
 59962 | Depths:1 | Found the +6 Majin-Bo {vamp, MP+6 Int+6}
 59964 | Depths:1 | Identified the +7 quarterstaff "Urphi" {antimagic, rF++
                  | Int+2}
 60058 | Depths:1 | Reached skill level 22 in Spellcasting
 60058 | Depths:1 | Reached skill level 5 in Earth Magic
 60283 | Depths:1 | Found Nil Zije's General Store.
 60302 | Depths:1 | Found Tefi's General Store.
 60314 | Depths:1 | Bought a scroll of acquirement for 728 gold pieces
 60314 | Depths:1 | Acquired a book of Dangerous Friends
 60361 | Depths:1 | Found a hide-covered altar of Uskayaw.
 60531 | Depths:1 | Gained mutation: You are completely covered in thin
                  | metallic scales. (AC +4, rElec) [demonic ancestry]
 60531 | Depths:1 | Reached XP level 21. HP: 91/142 MP: 24/47
 61319 | Vaults:1 | Entered Level 1 of the Vaults
 63167 | Vaults:2 | Identified the +0 chain mail of the True Pharaoh {Str+6
                  | Stlth-}
 65062 | Vaults:3 | Found a staircase to the Crypt.
 65150 | Vaults:3 | Reached skill level 23 in Spellcasting
 65341 | Vaults:3 | Gained mutation: You are completely covered in sharp
                  | spines. [demonic ancestry]
 65341 | Vaults:3 | Reached XP level 22. HP: 149/149 MP: 44/49
 65680 | Vaults:3 | Noticed Xtahua
 65683 | Vaults:3 | Paralysed by Xtahua for 5 turns
 65694 | Vaults:3 | Killed Xtahua
 67758 | Vaults:4 | Noticed Mennas
 67766 | Vaults:4 | Killed Mennas
 67766 | Vaults:4 | Identified the +5 glaive "Luso" {spect, *Slow rC+ Str+4}
 68690 | Vaults:5 | Entered Level 5 of the Vaults
 68911 | Vaults:5 | Reached skill level 24 in Spellcasting
 68918 | Vaults:5 | Reached skill level 5 in Air Magic
 68923 | Vaults:5 | Noticed a golden dragon
 68930 | Vaults:5 | Killed a golden dragon
 68931 | Vaults:5 | Reached XP level 23. HP: 145/155 MP: 48/51
 68949 | Vaults:5 | Noticed an ancient lich
 68955 | Vaults:5 | Killed an ancient lich
 69311 | Vaults:5 | Found the +18 shield of the Gong {rElec rN+ Will+ EV-5}
 69652 | Vaults:5 | Identified the +6 chain mail of Lanyesaj {Int+6 SInv}
 70044 | Vaults:5 | Identified the +0 cloak "Atteklur" {*Corrode Regen+ Str+2}
 70202 | Vaults:5 | Identified the +1 robe of the Tired Nightmares {Str+3}
 70458 | Vaults:5 | Found the +10 zealot's sword {holy, *Rage rN+ EV+3}
 70466 | Vaults:5 | Reached skill level 25 in Spellcasting
 70821 | Vaults:5 | Found the ring of the Tortoise {AC+8}
 70930 | Vaults:5 | Learned a level 8 spell: Maxwell's Capacitive Coupling
 71166 | Vaults:5 | Got a silver rune of Zot
 71241 | Vaults:5 | Identified the +5 short sword of the Sun {flame, *Rage
                  | rF+++ Will+++ Int+4}
 71242 | Vaults:5 | Identified the +0 leather armour of Stoicism {Will+ Stlth+}
 71878 | Hell     | Entered the Vestibule of Hell
 71878 | Hell     | Noticed Geryon
 72016 | Depths:3 | Noticed a caustic shrike
 72018 | Depths:3 | Paralysed by a floating eye for 2 turns
 72023 | Depths:3 | HP: 3/156 [acid (8)]
 72023 | Depths:3 | Mangled by a red very ugly thing

Illustrated notes

Levels and vault maps discovered:
D:1:      lightli_arrival_flooded_house, layout_rooms, serial_shops, shop
D:2:      minmay_door_path, layout_basic, minivault_27, minmay_diced_spiral
D:3:      wad_river_or_something, layout_basic, dreamdust_ecumenical_altar_grove
D:4:      layout_basic, minmay_temple_entry_hall, uniq_robin, uniq_pikel,
          uniq_blork_the_orc
D:5:      layout_cave_pools, old_standard_altar, portal_sewer_entry_d,
          minmay_misc_feat_enclosed
D:6:      layout_loops_ring
D:7:      layout_basic, serial_aquarium, aquarium_bridge_long_separate
          [aquarium_subvault_window, aquarium_subvault_bridge,
          aquarium_subvault_bridge, aquarium_subvault_wall,
          aquarium_subvault_bridge, aquarium_subvault_wall], aquarium_window_2,
          aquarium_window_2, aquarium_window_1, aquarium_view_2c,
          aquarium_view_2a, aquarium_balcony_1b, aquarium_pool_corner,
          nicolae_ossuary_entry_plus, grunt_ministairs_6, st_stairs_2,
          uniq_menkaure
D:8:      layout_basic, minmay_bent, uniq_psyche
D:9:      layout_basic, uniq_grum
D:10:     layout_cave_pods, gammafunk_ghost_smash, minmay_misc_feat_tower
D:11:     layout_rooms, dpeg_oklobed_lair, minmay_the_grid_square_5x5_3x3_mashed
          [minmay_the_grid_square_5x5_seven,
          minmay_the_grid_square_5x5_spiral_small,
          minmay_the_grid_square_5x5_pentomino_r,
          minmay_the_grid_square_5x5_gyroscope,
          minmay_the_grid_square_5x5_megaprize_diamond,
          minmay_the_grid_square_5x5_percent,
          minmay_the_grid_square_5x5_tri_point, minmay_the_grid_square_5x5_v,
          minmay_the_grid_square_5x5_two]
D:12:     layout_loops_cross, orc_david_3, kennysheep_nub, uniq_fannar
D:13:     layout_small_grid, serial_shops, shop, grunt_dithmenos_shadows,
          uniq_erolcha, uniq_nessos
D:14:     layout_basic, david_vaults_2, fedhas_altar_2
D:15:     grunt_enter_depths_hoard, layout_loops_corners, minmay_misc_feat_five,
          okawaru_metal_pillars_3
Temple:   dpeg_three_leaves_temple
Lair:1:   statuecave_lemuel, layout_loops_ring, minivault_25,
          nicolae_quartered_pool_super, minivault_19, nzn_random_ring,
          serial_bayou_shore_b
Lair:2:   gammafunk_cloud_chamber, layout_regular_city,
          minmay_snake_entry_guardpost_medium, beast_lair_carwin_11,
          grunt_megastairs_2
Lair:3:   layout_gridlike, elwin_shoals_entry_rooms, minivault_27,
          minmay_lindwurm_lava, infiniplex_staircase_pool_2, uniq_urug
Lair:4:   layout_gridlike, uniq_nergalle, uniq_sonja
Lair:5:   layout_hall_layers, cheibrodos_lair_lostbears, uniq_snorg, uniq_rupert
Lair:6:   evil_forest, layout_cave_pods, minmay_slime_entry_oklob_open,
          grunt_forest_large_clearings, lemuel_fruit_tree
Shoals:1: nicolae_shoals_lighthouse, layout_shoals, uniq_kirke
Shoals:2: layout_shoals, serial_shops, nicolae_shop_window_shopping,
          nicolae_shoals_mertower
Shoals:3: layout_shoals, serial_shops, bzr_entry_lakeside, uniq_polyphemus,
          uniq_louise, uniq_mlioglotl
Shoals:4: shoals_end_hangedman, layout_shoals, hangedman_shoal_volcano
Snake:1:  layout_onion, basic_altar, serial_shops, shop, uniq_frances
Snake:2:  layout_basic, minmay_shop_star
Snake:3:  layout_concentric_octagons
Snake:4:  snake_pit_salamanders_mu, layout_onion_interference,
          nicolae_shop_firing_range, serial_bayou_shore_b, uniq_aizul
Orc:1:    layout_caves
Orc:2:    st_orc_mages, layout_caves, portal_ice_cave_entry_pillars_2
Elf:1:    minmay_elf_arrival_plus, layout_loops_corners,
          ploomutoo_gammafunk_ghost_potion_laboratory, serial_shops, shop,
          orc_legates
Elf:2:    nicolae_elf_blades_crystal_corner, layout_geoelf_grid,
          nicolae_elf_big_sculpture_2, uniq_agnes
Elf:3:    minmay_elf_hall_curves, layout_loops_cross, minmay_shop_grove,
          uniq_mara, uniq_saint_roka
Vaults:1: v_misc_9, hangedman_vaults_corner, grunt_vaults_trifunnel,
          ontoclasm_vaults_ring_square, nicolae_vaults_little_squares_4,
          ontoclasm_vaults_ring_small, nicolae_vaults_ninety_degrees, v_misc_9,
          nicolae_vaults_little_squares_3, v_misc_30, v_misc_14,
          nicolae_vaults_specimen_jars, layout_vaults_chaotic_city
Vaults:2: dpeg_vaults_monster_row, hangedman_vaults_river_flow,
          grunt_vaults_focal, vaults_mumra_hex, nicolae_vaults_alarming,
          vaults_standard_mumra_lines, vaults_room_grunt_arrival_ludios,
          grunt_vaults_hallway_short, ontoclasm_vaults_hangar,
          ontoclasm_vaults_hangar, nicolae_vaults_circle_grid_a,
          grunt_vaults_diagonal, nicolae_vaults_little_squares_1,
          layout_vaults_omnibox
Vaults:3: ontoclasm_vaults_hangar, minmay_crypt_entry_simple_plaza,
          vaults_room_fancy_cross, v_pattern_3, v_misc_9, v_misc_1, v_misc_24,
          vaults_room_stairs_pillars, hangedman_vaults_capsules,
          st_smaller_cells, hangedman_vaults_maws, v_misc_14,
          ontoclasm_vaults_gateway, layout_vaults_ring, uniq_xtahua
Vaults:4: vaults_mumra_minichess_inversion, hangedman_vaults_impose,
          hangedman_vaults_stream, v_misc_23, st_eye, v_misc_4, v_pattern_4,
          vaults_dpeg_hooks, grunt_vaults_funnel, dpeg_vaults_monster_box,
          layout_vaults_omnigrid, uniq_mennas
Vaults:5
Depths:1: layout_forbidden_donut, grunt_hell_horde, hangedman_abyss_entry_splay,
          nicolae_uskayaw_suspiria, nrook_mini_vaults,
          amcnicky_mini_rare_corridor_liquid, lemuel_flamethrower_3,
          firewood_loft, minmay_shoptagon
Depths:2: kennysheep_water_balloons, layout_honeycomb, ashenzari_altar_1,
          abyss_entry, pf_coc_iceberg, rand_demon_pan_entry_8,
          minmay_staircase_windowed_small
Depths:3: minmay_swirls_squares, layout_honeycomb, enter_ziggurat_b,
          chequers_serial_rivers_small_b, pf_hell_entry_tar_river,
          rand_demon_pan_entry_1, abyss_entry_flame_altar,
          grunt_gozag_breadcrumbs
Hell

Skill      XL: |  1  2  3  4  5  6  7  8  9 10 11 12 13 14 15 16 17 18 19 20 21 22 23 |
---------------+----------------------------------------------------------------------+-----
Fire Magic     | 3 4 5 6 7 8 9 11 12 13 14 16 17 18 19 20 | 20.9
Unarmed Combat | 1 |  1.0
Spellcasting   | 3 4 6 8 9 10 11 13 14 15 16 17 18 19 21 22 23 24 25 | 25.0
Conjurations   | 2 3 4 5 6 7 8 10 11 12 13 14 15 16 17 | 17.4
Dodging        | 2 3 4 5 6 8 9 10 11 | 11.6
Fighting       | 1 2 3 4 5 6 7 |  7.1
Shields        | 4 5 6 7 8 |  8.8
Air Magic      | 1 2 3 4 5 |  5.0
Evocations     | 1 |  1.6
Ice Magic      | 1 |  1.8
Staves         | 1 2 3 4 |  4.6
Earth Magic    | 2 3 5 6 7 |  7.7
Stealth        | |  1.9
Poison Magic   | |  0.2

Action                   |  1- 3 |  4- 6 |  7- 9 | 10-12 | 13-15 | 16-18 | 19-21 | 22-24 || total
-------------------------+-------+-------+-------+-------+-------+-------+-------+-------++-------
Melee: Unarmed           |    18 |     5 |     9 |   152 |    32 |       |       |       ||   216
       Touch             |     4 |       |     1 |    41 |       |       |       |       ||    46
       Punch             |       |       |       |     1 |       |       |       |       ||     1
       Staff             |       |       |       |     1 |    44 |   176 |   183 |       ||   404
       Quarterstaff      |       |       |       |       |       |       |    78 |    36 ||   114
 Cast: Foxfire           |    76 |   169 |   186 |    15 |    37 |     3 |       |       ||   486
       Scorch            |     1 |    12 |    47 |    45 |    45 |    11 |     1 |     1 ||   163
       Flame Wave        |       |       |    23 |   120 |   181 |   108 |    14 |    17 ||   463
       Mephitic Cloud    |       |       |       |     1 |     2 |       |       |       ||     3
       Lightning Bolt    |       |       |       |       |    69 |    31 |     1 |     9 ||   110
       Frozen Ramparts   |       |       |       |       |     2 |     2 |       |     2 ||     6
       Freezing Cloud    |       |       |       |       |     9 |    14 |     8 |     4 ||    35
       Fireball          |       |       |       |       |     5 |   137 |   105 |    46 ||   293
       Iron Shot         |       |       |       |       |       |   106 |   255 |    99 ||   460
       Ignition          |       |       |       |       |       |    61 |   184 |    81 ||   326
       Sticky Flame      |       |       |       |       |       |     3 |       |       ||     3
       Swiftness         |       |       |       |       |       |     1 |       |       ||     1
       Fire Storm        |       |       |       |       |       |       |       |    17 ||    17
Evoke: Wand              |       |       |       |       |    10 |     8 |     6 |     3 ||    27
  Use: Potion            |       |       |     4 |     2 |    13 |    20 |     6 |     4 ||    49
       Scroll            |       |       |     5 |    12 |    16 |    14 |     7 |     2 ||    56
 Stab: Sleeping          |       |       |     1 |     1 |       |       |     2 |       ||     4
       Distracted        |       |       |       |     1 |       |       |       |       ||     1
Armor: Robe              |     6 |    10 |    21 |       |       |       |       |       ||    37
       Steam dragon scal |       |       |     7 |   107 |   209 |   190 |   156 |    53 ||   722
       Skin              |       |       |       |       |       |       |     2 |       ||     2
Dodge: Dodged            |    15 |    32 |    75 |   224 |   298 |   336 |   264 |   133 ||  1377
Block: Buckler           |       |       |       |    17 |   160 |   243 |   146 |       ||   566
       Reflection        |       |       |       |       |       |     8 |       |       ||     8

Table legend: (Time is in decaauts)
 A = Elapsed time spent in this place.
 B = Non-inter-level travel time spent in this place.
 C = Inter-level travel time spent in this place.
 D = Time resting spent in this place.
 E = Time spent auto-exploring this place.
 F = Levels seen in this place.
 G = Mean time per level.
                   A        B        C        D        E       F      G
               +--------+--------+--------+--------+--------+-----+--------+
         Total |  72592 |  65774 |   6818 |  17811 |  37537 |  51 | 1423.4 |
       Dungeon |  24959 |  21565 |   3394 |   6151 |  12217 |  15 | 1663.9 |
        Temple |    118 |     91 |     27 |      0 |     79 |   1 |  118.0 |
          Lair |  10219 |   8762 |   1457 |   2458 |   4918 |   6 | 1703.2 |
        Shoals |   6619 |   6294 |    325 |   1817 |   3238 |   4 | 1654.8 |
     Snake Pit |   8316 |   7935 |    381 |   3060 |   3770 |   4 | 2079.0 |
  Orcish Mines |   1378 |   1100 |    278 |     14 |    853 |   2 |  689.0 |
   Elven Halls |   5458 |   5224 |    234 |   1250 |   3277 |   3 | 1819.3 |
        Vaults |  10100 |   9693 |    407 |   1664 |   6722 |   5 | 2020.0 |
        Depths |   3396 |   3086 |    310 |    717 |   1959 |   3 | 1132.0 |
          Hell |      1 |      1 |      0 |      0 |      0 |   1 |    1.0 |
         Abyss |    760 |    760 |      0 |    357 |     34 |   3 |  253.3 |
        Bazaar |    183 |    183 |      0 |    147 |     18 |   1 |  183.0 |
         Sewer |    365 |    365 |      0 |    143 |    170 |   1 |  365.0 |
       Ossuary |    564 |    564 |      0 |     32 |    279 |   1 |  564.0 |
      Ice Cave |    148 |    148 |      0 |      0 |      0 |   1 |  148.0 |
               +--------+--------+--------+--------+--------+-----+--------+

Top non-repeatable levels by time:
 Snake:4: 3350 daAuts
     D:3: 2890 daAuts
Vaults:3: 2427 daAuts
Vaults:4: 2303 daAuts
   Elf:3: 2270 daAuts
 Snake:1: 2248 daAuts
  Lair:3: 2219 daAuts
    D:12: 2111 daAuts
    D:13: 2077 daAuts
Vaults:5: 2075 daAuts
   Elf:1: 2051 daAuts
Shoals:4: 2016 daAuts
    D:11: 1920 daAuts
  Lair:1: 1871 daAuts
    D:15: 1868 daAuts
